 Dungeon Crawl Stone Soup version 0.23.2-1-ga50397a6bc (webtiles) character file.

Game seed: 11658532996098453452

426 Kobolds4U the Cleaver (level 6, -1/51 HPs)
             Began as a Minotaur Fighter on Apr 26, 2019.
             Slain by a worker ant (5 damage)
             ... on level 5 of the Dungeon.
             The game lasted 00:06:08 (3019 turns).

Kobolds4U the Cleaver (Minotaur Fighter)            Turns: 3019, Time: 00:06:09

Health: -1/51      AC: 12    Str: 26    XL:     6   Next: 64%
Magic:  5/5        EV:  4    Int:  6    God:
Gold:   127        SH: 10    Dex: 10    Spells: 5/5 levels left

rFire    . . .     SeeInvis .   a - +0 war axe
rCold    . . .     Gourm    .   c - +0 shield
rNeg     . . .     Faith    .   g - +0 plate armour
rPois    .         Spirit   .   (helmet restricted)
rElec    .         Reflect  .   o - +0 cloak
rCorr    .         Harm     .   (no gloves)
MR       .....     Rnd*Tele +   (no boots)
Stlth    ..........             (no amulet)
HPRegen  0.17/turn              b - ring of teleportation (curse)
MPRegen  0.09/turn              (no ring)

@: mighty
A: retaliatory headbutt, horns 2
a: no special abilities


You were on level 5 of the Dungeon.
You were not hungry.

You visited 1 branch of the dungeon, and saw 5 of its levels.

You collected 127 gold pieces.

Inventory:

Hand Weapons
 a - a +0 war axe (weapon)
Armour
 c - a +0 shield (worn)
 g - a +0 plate armour (worn)
 o - a +0 cloak (worn)
Jewellery
 b - a cursed ring of teleportation (left hand)
Scrolls
 h - 2 scrolls of noise {unknown}
 i - 4 scrolls of remove curse {unknown}
 k - a scroll of enchant armour {unknown}
 l - a scroll of blinking {unknown}
 m - a scroll of identify {unknown}
 n - a scroll of magic mapping {unknown}
 q - a scroll of teleportation {unknown}
 w - a scroll of amnesia {unknown}
Potions
 d - 2 potions of might
 e - a potion of ambrosia {unknown}
 j - a potion of lignification {unknown}
 p - a potion of magic {unknown}
 s - a potion of resistance {unknown}
 t - 2 potions of agility {unknown}
 u - a potion of haste {unknown}
 v - 2 potions of heal wounds {unknown}
Comestibles
 f - 8 rations
 r - 2 chunks of flesh


   Skills:
 - Level 3.6 Fighting
 * Level 8.7 Axes
 - Level 3.6 Armour
 - Level 3.6 Shields


You had 5 spell levels left.
You didn't know any spells.
Your spell library was empty.

Dungeon Overview and Level Annotations

Branches:
Dungeon (5/15)
 Temple: D:4-7

Altars:
Gozag
Ru
Zin
The Shining One


Innate Abilities, Weirdness & Mutations

You reflexively headbutt those who attack you in melee.
You have a pair of horns on your head.


Message History

* * * LOW HITPOINT WARNING * * *
You are too injured to fight recklessly!
You are too injured to fight recklessly!
You are too injured to fight recklessly!
You are too injured to fight recklessly!
There is an escape hatch in the floor here.
You block the ogre's attack.
You slide downwards.
The hatch slams shut behind you.
A worker ant comes into view.
Found 17 gold pieces.
The ogre hits you with a +0 giant club!
* * * LOW HITPOINT WARNING * * *
You see here 17 gold pieces.
Sorry, you're not good enough to have a special ability.
You feel very mighty all of a sudden. The ogre barely misses you.
You slash the ogre! You headbutt the ogre.
You kill the ogre!
You closely miss the worker ant. The worker ant bites you.
You die...

#...#
#...#
#...#
#...#
#...#
...# ###
#.###...#
#.)@a...#
#####...#
.## #


You could see a worker ant.

Vanquished Creatures
  An ogre (D:5)
  A big kobold (D:3)
  2 orc priests (D:3)
  Crazy Yiuf (D:2)
  9 adders
  2 oozes
  An adder skeleton (D:3)
  A worm (D:2)
  A dart slug (D:2)
  3 leopard geckos
  3 orcs (D:3)
  2 ball pythons
  5 bats
  A giant cockroach (D:3)
  8 goblins
  7 hobgoblins
  17 jackals
  6 kobolds
  A quokka (D:2)
  4 frilled lizards
  3 rats
  A fungus (D:2)
80 creatures vanquished.

Notes
Turn   | Place    | Note
-------+----------+-------------------------------------------
     0 | D:1      | Kobolds4U the Minotaur Fighter began the quest for the Orb.
     0 | D:1      | Reached XP level 1. HP: 19/19 MP: 0/0
    60 | D:1      | Reached skill level 3 in Axes
    65 | D:1      | Reached XP level 2. HP: 24/26 MP: 1/1
   219 | D:1      | Reached skill level 4 in Axes
   381 | D:1      | Reached XP level 3. HP: 28/31 MP: 2/2
  1078 | D:2      | Reached skill level 5 in Axes
  1243 | D:2      | Reached XP level 4. HP: 39/39 MP: 3/3
  1736 | D:2      | Found a runed translucent door.
  1737 | D:2      | Noticed Crazy Yiuf
  1744 | D:2      | Killed Crazy Yiuf
  1744 | D:2      | Reached skill level 6 in Axes
  1881 | D:3      | Reached XP level 5. HP: 40/45 MP: 4/4
  2096 | D:3      | Reached skill level 7 in Axes
  2100 | D:3      | Found a glowing silver altar of Zin.
  2169 | D:3      | Reached XP level 6. HP: 33/51 MP: 5/5
  2172 | D:3      | Reached skill level 8 in Axes
  2454 | D:3      | Found a sacrificial altar of Ru.
  2531 | D:3      | Found a glowing golden altar of the Shining One.
  2539 | D:3      | Found an opulent altar of Gozag.
  3015 | D:5      | Entered Level 5 of the Dungeon
  3019 | D:5      | Slain by a worker ant

Skill      XL: |  1  2  3  4  5  6 |
---------------+-------------------+-----
Axes           | 3 4 5 6 7 8 |  8.7
Fighting       | |  3.6
Armour         | |  3.6
Shields        | |  3.6

Action                   |  1- 3 |  4- 6 || total
-------------------------+-------+-------++-------
Melee: War axe           |    88 |   126 ||   214
       Headbutt          |    18 |    21 ||    39
  Use: Potion            |       |     1 ||     1
  Eat: Chunk             |     1 |     6 ||     7
Armor: Scale mail        |     1 |       ||     1
       Plate armour      |    65 |    85 ||   150
Dodge: Dodged            |    15 |    25 ||    40
Block: Shield            |    61 |    67 ||   128
